 Dungeon Crawl Stone Soup version 0.21-a0-39-g28ea6b7 (webtiles) character file.

16 blackwizard the Caller (level 2, 0/24 HPs)
             Began as a Troll Summoner on June 1, 2017.
             Slain by an adder (3 damage)
             ... on level 2 of the Dungeon.
             The game lasted 00:05:20 (1227 turns).

blackwizard the Caller (Troll Summoner)             Turns: 1227, Time: 00:05:23

Health: 0/24       AC:  5    Str: 15    XL:     2   Next: 37%
Magic:  1/3        EV: 10    Int: 11    God:
Gold:   82         SH:  0    Dex: 10    Spells: 2/3 levels left

rFire    . . .     SeeInvis .   s - +0 spear
rCold    . . .     Gourm    +   (no shield)
rNeg     . . .     Faith    .   a - +0 robe
rPois    .         Spirit   .   (helmet restricted)
rElec    .         Reflect  .   (no cloak)
rCorr    +         Harm     .   (gloves unavailable)
MR       .....                  (boots unavailable)
Stlth    +.........             (no amulet)
Regen    0.5/turn               k - ring of resist corrosion
MPRegen  0.1/turn               (no ring)

@: lethally poisoned (0 -> -1)
A: unfitting armour, claws 3, fast metabolism 3, gourmand, regeneration 1,
shaggy fur 1, tough skin 2
a: no special abilities


You were on level 2 of the Dungeon.
You were not hungry.

You visited 1 branch of the dungeon, and saw 2 of its levels.

You collected 82 gold pieces.

Inventory:

Hand Weapons
 s - a +0 spear (weapon)
Missiles
 f - 25 stones (quivered)
 m - 16 bolts
Armour
 a - a +0 robe (worn)
Jewellery
 k - a ring of resist corrosion (left claw)
Scrolls
 e - 2 scrolls of identify {unknown}
 i - a scroll of enchant armour {unknown}
 j - a scroll of teleportation {unknown}
 n - a scroll of blinking {unknown}
 o - a scroll of amnesia {unknown}
 p - a scroll of recharging {unknown}
 q - a scroll of immolation {unknown}
Potions
 g - 2 potions of degeneration {unknown}
 h - 3 potions of brilliance {unknown}
Books
 b - a book of Callings

   Spells                             Type                      Level
   a - Summon Small Mammal            Summoning                    1
   b - Call Imp                       Summoning                    2
   c - Call Canine Familiar           Summoning                    3
   d - Summon Guardian Golem          Hexes/Summoning              3
   e - Summon Lightning Spire         Summoning/Air                4
   f - Summon Ice Beast               Ice/Summoning                4
Comestibles
 c - a bread ration
 d - 5 fruits
 l - a meat ration


   Skills:
 + Level 1.6 Dodging
 + Level 1.0 Stealth
 + Level 0.4 Unarmed Combat
 + Level 1.3 Spellcasting
 + Level 3.2 Summonings


You had 2 spell levels left.
You knew the following spells:

 Your Spells              Type           Power        Failure   Level  Hunger
a - Summon Small Mammal   Summ           #...         9%          1    ##.....


Dungeon Overview and Level Annotations

Branches:
Dungeon (2/15)

Altars:
Elyvilon
Hepliaklqana
The Shining One


Innate Abilities, Weirdness & Mutations

You are too large for most types of armour.
You have claws for hands.
Your metabolism is lightning-fast.
You like to eat raw meat.
Your natural rate of healing is unusually fast.
You are covered in fur. (AC +1)
You have very tough skin. (AC +2)


Message History

You hit the adder.
The adder is heavily wounded.
You feel sick. The adder bites you.
Your rat barely misses the adder.
The adder bites you.
You hit the adder.
The adder is severely wounded.
The adder bites you.
* * * LOW HITPOINT WARNING * * *
Your rat barely misses the adder.
You barely miss the adder.
The adder is heavily wounded.
You feel sick. The adder barely misses you.
Your rat barely misses the adder.
You closely miss the adder.
The adder is heavily wounded.
The adder bites you.
* * * LOW HITPOINT WARNING * * *
You are more poisoned.
The adder poisons you!
Your rat completely misses the adder.
The adder bites you.
You die...

#....# #....# #P
. ######....#
.P## ..
+.........#..._#.
...
##.§....#..P...
...
#..§....'.⌠._# ..
#.###...#.P..P.
#.#...).'## .._#.
#....rS@..# .#P
#.###.##.## ..
###.....#.... .#
#......##...... #
#.###..##.#######
#......##.#...#<#
####.#.##.#.#.#.#
#....#.#.#.#.#
####.#.#.#.#.#


You could see an adder and a friendly rat.

Vanquished Creatures
  An ooze (D:1)
  A giant cockroach (D:1)
  2 hobgoblins (D:1)
  A goblin (D:1)
  3 kobolds
  3 rats
11 creatures vanquished.

Vanquished Creatures (collateral kills)
  A frilled lizard (D:2)
  A kobold (D:1)
  A rat (D:1)
3 creatures vanquished.

Grand Total: 14 creatures vanquished

Notes
Turn   | Place    | Note
-------+----------+-------------------------------------------
     0 | D:1      | blackwizard the Troll Summoner began the quest for the Orb.
     0 | D:1      | Reached XP level 1. HP: 16/16 MP: 1/1
    64 | D:1      | Reached skill level 3 in Summonings
   699 | D:1      | Reached XP level 2. HP: 24/24 MP: 0/2
  1204 | D:2      | Found a hazy altar of Hepliaklqana.
  1204 | D:2      | Found a glowing golden altar of the Shining One.
  1204 | D:2      | Found a white marble altar of Elyvilon.
  1227 | D:2      | Slain by an adder

Vault maps used:
D:1:      minmay_arrival_checkered_box, roderic_roman_lattice,
          due_unseen_surprise
D:2:      gammafunk_temple_overflow_forgotten, st_stairs_8,
          minmay_misc_feat_columns

Skill      XL: |  1 |
---------------+----+-----
Summonings     | 3 |  3.2
Dodging        | |  1.6
Stealth        | |  1.0
Unarmed Combat | |  0.4
Spellcasting   | |  1.3

Action                   || total
-------------------------++-------
Melee: Unarmed           ||    35
       Spear             ||     7
 Cast: Summon Small Mamm ||     7
  Eat: Bread ration      ||     1
       Chunk             ||     4
Armor: Robe              ||    13
Dodge: Dodged            ||    28
